 Dungeon Crawl Stone Soup version 0.30-a0-6-g7c9e10e132 (webtiles) character file.

Game seed: 6514667407981036939

5601 SensoryNuts the Cleaver (level 10, 0/78 HPs)
             Began as a Demonspawn Fighter on Aug 23, 2022.
             Was an Initiate of Gozag.
             Slain by a nine-headed hydra (5 damage)
             ... on level 7 of the Dungeon.
             The game lasted 00:10:50 (9554 turns).

SensoryNuts the Cleaver (Demonspawn Fighter)        Turns: 9554, Time: 00:10:51

Health: 0/78       AC: 16    Str: 18    XL:     10   Next: 45%
Magic:  10/10      EV:  7    Int:  7    God:    Gozag
Gold:   3014       SH: 10    Dex: 16    Spells: 9/9 levels left

rFire   . . .      SeeInvis .    x - +1 war axe (elec)
rCold   . . .      Faith    .    c - +0 buckler
rNeg    . . .      Spirit   .    y - +1 plate armour
rPois   +          Reflect  +    (no helmet)
rElec   .          Harm     .    b - +0 cloak {Will+}
rCorr   .          Rampage  .    (no gloves)
Will    +....                    (no boots)
Stlth   ..........               A - amulet of reflection
HPRegen 0.23/turn                v - +4 ring of slaying
MPRegen 0.12/turn                (no ring)

@: no status effects
A: rugged brown scales 1, ignite blood 2, demonic touch 1, dopey 1, poison
resistance, sturdy frame 1
a: Renounce Religion, Potion Petition, Call Merchant, Bribe Branch


You were on level 7 of the Dungeon.
You worshipped Gozag.
Gozag was most pleased with you.
You visited 1 branch of the dungeon, and saw 8 of its levels.

You collected 3128 gold pieces.
You paid 114 gold pieces to Gozag.

Inventory:

Hand Weapons
 a - a +0 war axe
 x - a +1 war axe of electrocution (weapon)
Missiles
 d - 4 throwing nets (quivered)
Armour
 b - a +0 cloak of willpower (worn)
 c - a +0 buckler (worn)
 y - a +1 plate armour (worn)
Jewellery
 s - an amulet of magic regeneration
 v - a +4 ring of slaying (left hand)
 z - a ring of willpower
 A - an amulet of reflection (around neck)
 B - a ring of poison resistance
Wands
 F - a wand of charming (12)
Scrolls
 e - 6 scrolls of teleportation
 j - a scroll of magic mapping
 p - a scroll of poison
 r - a scroll of noise
 t - 7 scrolls of amnesia
 C - a scroll of fear
Potions
 f - 2 potions of curing
 i - 2 potions of flight
 m - a potion of resistance
 o - a potion of haste
 q - 2 potions of lignification
 u - 2 potions of mutation
 w - a potion of brilliance
 D - a potion of magic


   Skills:
 + Level 5.9 Fighting
 * Level 11.6 Axes
 + Level 6.5 Armour
 + Level 1.2 Dodging
 + Level 1.2 Stealth
 + Level 4.5 Shields


You had 9 spell levels left.
You didn't know any spells.
Your spell library contained the following spells:

 Spells                   Type           Power      Damage    Failure   Level
 Portal Projectile        Hex/Tloc       0%         N/A       100%        3
 Tukima's Dance           Hex            0%         N/A       100%        3
 Summon Lightning Spire   Summ/Air       0%         N/A       100%        4
 Blade Hands              Tmut           0%         N/A       100%        5
 Storm Form               Tmut/Air       0%         N/A       100%        7
 Maxwell's Capacitive Co  Air            0%         ∞         100%        8


Dungeon Overview and Level Annotations

Branches:
Dungeon (8/15)             Temple (0/1) D:5
   Lair: D:8-11

Altars:
Dithmenos
Gozag
Trog
Xom

Shops:
D:6 (


Innate Abilities, Weirdness & Mutations

You are partially covered in rugged brown scales. (AC +1, +3% HP)
Your demonic aura often causes spilled blood to erupt in flames.
Your touch may inflict minor irresistible damage on your foes.
You are dopey. (Int -2)
Your system is resistant to poisons. (rPois)
Your movements are slightly less encumbered by armour. (ER -2)


Message History

You block the eight-headed hydra's attack.
The eight-headed hydra bites you but does no damage.
You block the eight-headed hydra's attack.
The eight-headed hydra bites you.
The eight-headed hydra barely misses you.
The eight-headed hydra bites you but does no damage.
The eight-headed hydra bites you.
You barely miss the eight-headed hydra.
The eight-headed hydra is heavily wounded.
The eight-headed hydra bites you!
The eight-headed hydra closely misses you.
The eight-headed hydra bites you. x3
You block the eight-headed hydra's attack.
The eight-headed hydra barely misses you.
The eight-headed hydra bites you but does no damage.
You hack one of the eight-headed hydra's heads off!
The seven-headed hydra grows two more!
You slice the nine-headed hydra!!
The nine-headed hydra is heavily wounded.
You block the nine-headed hydra's attack.
The nine-headed hydra bites you!
You block the nine-headed hydra's attack.
The nine-headed hydra bites you but does no damage.
The nine-headed hydra bites you!
* * * LOW HITPOINT WARNING * * *
The nine-headed hydra bites you but does no damage. x2
The nine-headed hydra barely misses you.
The nine-headed hydra bites you.
* * * LOW HITPOINT WARNING * * *
Unknown command.
You feel better.
The nine-headed hydra bites you but does no damage. x2
You block the nine-headed hydra's attack.
The nine-headed hydra closely misses you.
The nine-headed hydra bites you.
* * * LOW HITPOINT WARNING * * *
The nine-headed hydra bites you!
* * * LOW HITPOINT WARNING * * *
The nine-headed hydra bites you.
You die...
Your body crumbles into a pile of gold.

....#P..PP##...#.......##.
P○○§°○§# #...#§.........
.§○°§○###..§§###......#
#☼§○☼.###§○☼# ##....##
#○§§# #☼°.. #...##
#####○§§###§##..>.....#
#########..D.○°○○☼§☼#
#.......#
#...#.....T.###☼○°§§#
#....... ##..####.####
#☼@D§§# ##....## .#>..#
#.######☼##§°# #...##
#.....#§## #§☼# #..##
##.###§○## #.°§. ##.##
#..# ##§### ##.○§§
###.###.## ##..##....§☼
#....#..# ##.........#
..##...## ##........# #
######.## ##..#.....# .##.


You could see a nine-headed hydra.

Vanquished Creatures
  A two-headed ogre (D:8)
  A troll (D:7)
  3 fire bats (D:6)
  3 yaks (D:8)
  3 steam dragons (D:8)
  Menkaure (D:7)
  2 sky beasts (D:8)
  An ice beast (D:7)
  An orc warrior (D:8)
  A black bear (D:7)
  5 ogres
  4 centaurs
  4 bullfrogs
  2 gnoll sergeants (D:8)
  13 wights
  4 killer bees (D:8)
  3 hounds (D:5)
  2 jellies (D:4)
  Crazy Yiuf (D:5)
  A gnoll bouda (D:7)
  4 orc priests
  Jessica (D:2)
  10 orc wizards
  3 iguanas
  18 gnolls
  10 adders
  A white imp (D:6)
  An ufetubus (D:5)
  3 worms
  4 dart slugs
  30 orcs
  A ball python (D:1)
  5 endoplasms
  A giant cockroach (D:3)
  2 goblins
  13 hobgoblins
  2 jackals (D:1)
  6 quokkas
  3 training dummies (D:6)
  2 bats
  2 frilled lizards
  2 kobolds
  5 rats
185 creatures vanquished.

Vanquished Creatures (others)
  A sky beast (D:8)
  8 plants (D:7)
9 creatures vanquished.

Grand Total: 194 creatures vanquished

Notes
Turn   | Place    | Note
-------+----------+-------------------------------------------
     0 | D:1      | SensoryNuts the Demonspawn Fighter began the quest for the
                  | Orb.
     0 | D:1      | Reached XP level 1. HP: 18/18 MP: 1/1
   347 | D:1      | Reached skill level 2 in Axes
   347 | D:1      | Gained mutation: Your demonic aura sometimes causes spilled
                  | blood to erupt in flames. [demonic ancestry]
   347 | D:1      | Reached XP level 2. HP: 24/24 MP: 2/2
  1021 | D:2      | Reached XP level 3. HP: 16/29 MP: 3/3
  1191 | D:2      | Noticed Jessica
  1194 | D:2      | Killed Jessica
  1215 | D:2      | Reached skill level 3 in Axes
  1215 | D:2      | Reached XP level 4. HP: 32/35 MP: 4/4
  1545 | D:2      | Found a faded altar of an unknown god.
  2173 | D:3      | Identified the +0 ring mail of Uhagaod {Will+ Regen+ Str+2
                  | Int+2}
  2188 | D:3      | Reached XP level 5. HP: 27/41 MP: 5/5
  2628 | D:4      | HP: 2/41 [acid (5)]
  2631 | D:4      | Reached skill level 4 in Axes
  3146 | D:4      | Noticed an ogre
  3155 | D:4      | Killed an ogre
  3156 | D:4      | Gained mutation: You are partially covered in rugged brown
                  | scales. (AC +1, +3% HP) [demonic ancestry]
  3156 | D:4      | Reached XP level 6. HP: 29/49 MP: 6/6
  3556 | D:5      | Entered Level 5 of the Dungeon
  3745 | D:5      | You fall into a shaft and drop 1 floor!
  3752 | D:6      | Found a transporter.
  3759 | D:6      | Reached skill level 5 in Axes
  3940 | D:6      | Reached skill level 1 in Dodging
  3944 | D:6      | Gained mutation: Your touch may inflict minor irresistible
                  | damage on your foes. [demonic ancestry]
  3944 | D:6      | Reached XP level 7. HP: 52/55 MP: 7/7
  4349 | D:5      | Found a runed translucent door.
  4350 | D:5      | Noticed Crazy Yiuf
  4411 | D:5      | Found an opulent altar of Gozag.
  4428 | D:5      | Became a worshipper of Gozag Ym Sagoz the Greedy
  4503 | D:5      | Found a staircase to the Ecumenical Temple.
  4642 | D:5      | Reached skill level 6 in Axes
  4775 | D:5      | Found a shadowy altar of Dithmenos.
  4926 | D:5      | Killed Crazy Yiuf
  5033 | D:5      | Identified a scroll of acquirement
  5040 | D:5      | Acquired 569 gold pieces
  5151 | D:6      | Reached skill level 7 in Axes
  5151 | D:6      | Reached XP level 8. HP: 56/62 MP: 8/8
  5271 | D:6      | Found a transporter.
  5376 | D:6      | Found Unlad's Firing Range.
  5483 | D:6      | Reached skill level 8 in Axes
  5741 | D:7      | Noticed Menkaure
  5747 | D:7      | Killed Menkaure
  5748 | D:7      | Reached skill level 5 in Armour
  6099 | D:7      | Reached XP level 9. HP: 60/68 MP: 9/9
  6100 | D:7      | Reached skill level 9 in Axes
  6167 | D:7      | Found a bloodstained altar of Trog.
  6228 | D:7      | Reached skill level 5 in Fighting
  6400 | D:7      | Reached skill level 1 in Stealth
  6860 | D:7      | Noticed a troll
  6860 | D:7      | Noticed a troll
  6863 | D:7      | Noticed a four-headed hydra
  7109 | D:8      | Acquired 1084 gold pieces
  7126 | D:8      | Reached skill level 10 in Axes
  7275 | D:8      | Gained mutation: Your demonic aura often causes spilled
                  | blood to erupt in flames. [demonic ancestry]
  7275 | D:8      | Reached XP level 10. HP: 36/76 MP: 10/10
  7699 | D:8      | Found a shimmering altar of Xom.
  7902 | D:8      | Reached skill level 11 in Axes
  8026 | D:8      | Noticed a two-headed ogre
  8032 | D:8      | Killed a two-headed ogre
  8979 | D:8      | Gained mutation: Your movements are slightly less
                  | encumbered by armour. (ER -2) [potion of mutation]
  8979 | D:8      | Gained mutation: You are dopey. (Int -2) [potion of
                  | mutation]
  8979 | D:8      | Gained mutation: Your system is resistant to poisons.
                  | (rPois) [potion of mutation]
  9554 | D:7      | Slain by a nine-headed hydra

Illustrated notes

Levels and vault maps discovered:
D:1:      zaba_arrival_water, layout_loops_ring
D:2:      layout_rooms, shapermc_ecumenical_altar_starsandcircs, uniq_jessica
D:3:      layout_loops_cross
D:4:      layout_rooms, hangedman_decor_riveting, minmay_misc_feat_ornament
D:5:      layout_loops_ring, mainiacjoe_overflow_big_doors,
          minmay_temple_entry_statues, uniq_crazy_yiuf_cottage
D:6:      gammafunk_cloud_chamber, layout_cave_pools, nicolae_shop_firing_range
D:7:      layout_layer_cave, mainiacjoe_overflow_paths,
          hellmonk_guarded_unrand_vines, uniq_menkaure
D:8:      layout_layer_cave, mainiacjoe_overflow_tiny_flanked,
          hangedman_misty_isle

Skill      XL: |  1  2  3  4  5  6  7  8  9 10 |
---------------+-------------------------------+-----
Axes           | 2 3 4 5 7 8 10 11 | 11.6
Armour         | 3 4 5 6 |  6.5
Shields        | 3 4 |  4.5
Fighting       | 4 5 |  5.9
Dodging        | 1 |  1.2
Stealth        | 1 |  1.2

Action                   |  1- 3 |  4- 6 |  7- 9 | 10-12 || total
-------------------------+-------+-------+-------+-------++-------
Melee: War axe           |    64 |   116 |   179 |    65 ||   424
  Use: Potion            |       |     3 |     3 |     8 ||    14
       Scroll            |       |     1 |    13 |     3 ||    17
 Stab: Distracted        |       |       |     1 |       ||     1
Armor: Scale mail        |    34 |    45 |     3 |       ||    82
       Plate armour      |       |       |   119 |    37 ||   156
Dodge: Dodged            |    27 |    48 |    46 |    26 ||   147
Block: Buckler           |     9 |    19 |    58 |    46 ||   132
       Reflection        |       |       |       |     1 ||     1

Table legend: (Time is in decaauts)
 A = Elapsed time spent in this place.
 B = Non-inter-level travel time spent in this place.
 C = Inter-level travel time spent in this place.
 D = Time resting spent in this place.
 E = Time spent auto-exploring this place.
 F = Levels seen in this place.
 G = Mean time per level.
                   A        B        C        D        E       F      G
               +--------+--------+--------+--------+--------+-----+--------+
         Total |   9634 |   9391 |    243 |     30 |   8106 |   8 | 1204.2 |
       Dungeon |   9634 |   9391 |    243 |     30 |   8106 |   8 | 1204.2 |
               +--------+--------+--------+--------+--------+-----+--------+

Top non-repeatable levels by time:
     D:8: 2128 daAuts
     D:7: 1773 daAuts
     D:6: 1077 daAuts
     D:1: 1037 daAuts
     D:5: 1034 daAuts
     D:4: 953 daAuts
     D:2: 874 daAuts
     D:3: 754 daAuts
